 Dungeon Crawl Stone Soup version 0.31-a0-1202-ga8fea8b373 (webtiles) character file.

Game seed: 13405183063340546794

3545 Inarius the Cleaver (level 9, -2/72 HPs)
             Began as a Mummy Fighter on Dec 12, 2023.
             Was a Believer of Makhleb.
             Hit by a large rock thrown by a cyclops (21 damage)
             ... on level 7 of the Dungeon.
             The game lasted 00:11:57 (6702 turns).

Inarius the Cleaver (Mummy Fighter)                 Turns: 6702, Time: 00:11:58

Health: -2/72      AC: 13    Str: 23    XL:     9   Next: 83%
Magic:  0/20       EV:  6    Int:  7    God:    Makhleb [**....]
Gold:   503        SH:  5    Dex: 18    Spells: 8/8 levels left

rFire   x . .        a - +1 war axe
rCold   + . .        c - +0 buckler
rNeg    + + +        o - +0 plate armour
rPois   ∞            (no helmet)
rElec   .            j - +0 cloak
rCorr   .            (no gloves)
SInv    .            (no boots)
Will    +....        h - amulet of guardian spirit Stlth
                     d - ring of magical power
HPRegen 0.32/turn    g - +6 ring of dexterity
MPRegen 0.17/turn

%: guardian spirit, faith
@: no status effects
A: cold resistance 1, negative energy resistance 3, torment resistance 2, heat
vulnerability 1, in touch with death 1, no potions, faith
a: Renounce Religion, Minor Destruction


You were on level 7 of the Dungeon.
You worshipped Makhleb.
Makhleb was pleased with you.
You visited 2 branches of the dungeon, and saw 9 of its levels.
You also visited: Sewer.

You collected 503 gold pieces.

Inventory:

Hand Weapons
 a - a +1 war axe (weapon)
 l - a +0 mace of venom
Missiles
 r - 8 boomerangs (quivered)
Armour
 c - a +0 buckler (worn)
 j - a +0 cloak (worn)
 o - a +0 plate armour (worn)
Jewellery
 d - a ring of magical power (left hand)
 g - a +6 ring of dexterity (right hand)
 h - an amulet of guardian spirit (around neck)
 m - a ring of flight
Wands
 b - a wand of flame (13)
Scrolls
 e - a scroll of immolation
 f - 2 scrolls of enchant armour
 i - a scroll of amnesia
 p - a scroll of enchant weapon


   Skills:
 + Level 7.1 Fighting
 + Level 8.0 Axes
 - Level 1.0 Throwing
 + Level 5.7 Armour
 + Level 3.6 Shields
 * Level 3.5 Invocations


You had 8 spell levels left.
You didn't know any spells.
Your spell library contained the following spells:

 Spells                   Type           Power      Damage    Failure   Level
 Summon Small Mammal      Summ           0%         N/A       100%        1
 Call Canine Familiar     Summ           0%         N/A       100%        3
 Summon Guardian Golem    Hex/Summ       0%         N/A       100%        3


Dungeon Overview and Level Annotations

Branches:
Dungeon (8/15)             Temple (1/1) D:6           Sewer (visited)
   Lair: D:8-11

Altars:
Cheibriados
Dithmenos
Fedhas
Gozag
Hepliaklqana
Kikubaaqudgha
Makhleb
Nemelex Xobeh
Okawaru
Qazlal
Trog
Vehumet
Wu Jian
Yredelemnul

Annotations:
D:4 3 runed translucent doors, crawlacc's ghost, amateur DECj


Innate Abilities, Weirdness & Mutations

You are immune to poison.
Your flesh is cold resistant. (rC+)
You are immune to negative energy. (rN+++)
You are immune to unholy pain and torment.
You are vulnerable to heat. (rF-)
You are in touch with the powers of death.
You do not drink.
You have a special connection with the divine. (Faith)


Message History

You climb downwards.
There is a stone staircase leading up here.
An ogre comes into view. It is wielding a +0 giant spiked club.
The ogre shouts!
You start waiting.
An ogre is nearby!
You barely miss the ogre.
The ogre hits you with a +0 giant spiked club.
You slash the ogre!
The ogre is moderately wounded.
The ogre hits you with a +0 giant spiked club!!
You slash the ogre!
The ogre is almost dead.
The ogre hits you with a +0 giant spiked club!
You hit the ogre.
The ogre is almost dead.
You barely miss the ogre.
The ogre is almost dead.
The ogre hits you with a +0 giant spiked club!
You are too injured to fight recklessly!
You closely miss the ogre.
The ogre is almost dead.
The ogre barely misses you.
You barely miss the ogre.
The ogre is almost dead.
The ogre hits you with a +0 giant spiked club!
You slash the ogre!
You kill the ogre!
Makhleb accepts your kill.
Okay, then.
Unknown command.
The cyclops throws a large rock.
The large rock hits you!
* * * LOW HITPOINT WARNING * * *
Blink to where?
Press: ? - help, Dir - move target
As you read the scroll of blinking, it crumbles to dust.
There is an open door here.
You close the door.
The cyclops throws a large rock.
The large rock hits you!!
You die...

#...##....#.# #..
####......####.# #>.
#..............# #..
#.##.##.######## #..
# #.....#...>..# #..
#.##..###.####.####..
#.....#......#.#.....
####....#.##.#.#.##.#
#@##.#.##.#.#.#...
#......##.#....<.#
#....#.##.###.#.#.
####.##...#......#.#.
#.##[.....#..#####.#.
#.##.#.#.........#.#.
#....#.##.######C#.#.
#.####+##.C...§..<.#.
#...........########.


You could see a cyclops.

Vanquished Creatures
  The ghost of Dirtsage the Changeling, a novice OpSh (D:5)
  A wraith (D:7)
  4 orc warriors (D:7)
  2 black bears
  An ice beast (D:6)
  A sky beast (D:7)
  5 centaurs
  2 ogres
  2 phantoms
  3 kobold brigands
  3 bullfrogs (D:7)
  4 scorpions
  A killer bee (D:7)
  A howler monkey (D:7)
  2 electric eels (D:7)
  3 jellies (Sewer)
  2 orc priests (D:7)
  2 hounds (D:5)
  5 iguanas
  5 orc wizards
  Natasha (thrice) (D:4)
  4 gnolls (D:3)
  9 adders
  4 river rats
  A shadow imp (D:7)
  4 ufetubi
  9 worms
  2 dart slugs
  26 orcs
  22 endoplasms
  8 giant cockroaches
  14 goblins
  3 hobgoblins
  20 kobolds
  4 quokkas
  14 ball pythons
  5 bats
  13 frilled lizards
  8 rats
223 creatures vanquished.

Notes
Turn   | Place    | Note
-------+----------+-------------------------------------------
     0 | D:1      | Inarius the Mummy Fighter began the quest for the Orb.
     0 | D:1      | Reached XP level 1. HP: 18/18 MP: 1/1
   135 | D:1      | Reached XP level 2. HP: 22/24 MP: 2/2
   736 | D:1      | Reached skill level 2 in Axes
   736 | D:1      | Reached XP level 3. HP: 29/29 MP: 3/3
  1198 | D:2      | Reached XP level 4. HP: 32/37 MP: 4/4
  1931 | D:3      | Found an opulent altar of Gozag.
  2063 | D:3      | Reached skill level 3 in Axes
  2063 | D:3      | Reached XP level 5. HP: 41/42 MP: 5/5
  2414 | D:4      | Noticed a centaur
  2430 | D:4      | Killed a centaur
  2431 | D:4      | Reached XP level 6. HP: 33/48 MP: 6/6
  2586 | D:4      | Noticed Natasha
  2591 | D:4      | Killed Natasha
  2689 | D:4      | Found a runed translucent gate.
  2689 | D:4      | Found a runed translucent gate.
  2689 | D:4      | Found a runed translucent gate.
  2699 | D:4      | Noticed crawlacc's ghost (amateur DECj)
  2745 | D:4      | Noticed Natasha
  2754 | D:4      | Killed Natasha
  2890 | D:5      | Entered Level 5 of the Dungeon
  2897 | D:4      | Noticed Natasha
  2903 | D:4      | Reached skill level 4 in Axes
  2905 | D:4      | Killed Natasha
  3184 | D:5      | Found a runed translucent door.
  3211 | D:5      | Reached XP level 7. HP: 55/55 MP: 7/7
  3365 | D:5      | Reached skill level 5 in Fighting
  3423 | D:5      | Found a runed translucent door.
  3576 | D:5      | Noticed Dirtsage's ghost (novice OpSh)
  3796 | D:5      | Killed Dirtsage's ghost
  3797 | D:5      | Reached skill level 5 in Axes
  3972 | D:6      | Reached XP level 8. HP: 60/64 MP: 8/8
  3981 | D:6      | Found a glowing drain.
  4059 | Sewer    | Entered a sewer
  4270 | Sewer    | Found a shimmering altar of Xom.
  4680 | D:6      | Reached skill level 6 in Axes
  4990 | D:6      | Found a staircase to the Ecumenical Temple.
  5134 | Temple   | Entered the Ecumenical Temple
  5144 | Temple   | Became a worshipper of Makhleb the Destroyer
  5354 | D:7      | Reached skill level 1 in Throwing
  5383 | D:7      | Reached skill level 7 in Axes
  5383 | D:7      | Reached skill level 5 in Armour
  5383 | D:7      | Reached XP level 9. HP: 29/71 MP: 7/9
  5636 | D:7      | Reached skill level 1 in Invocations
  5649 | D:7      | Reached * piety under Makhleb
  5867 | D:7      | Noticed a cyclops
  6042 | D:7      | Found an iron altar of Okawaru.
  6042 | D:7      | Found a shadowy altar of Dithmenos.
  6453 | D:8      | Reached skill level 8 in Axes
  6521 | D:8      | Reached ** piety under Makhleb
  6702 | D:7      | Hit by a large rock thrown by a cyclops

Illustrated notes

Levels and vault maps discovered:
D:1:      dpeg_arrival_long_road, layout_basic
D:2:      layout_rooms, st_stairs_4, minmay_3d_cube
D:3:      layout_basic, nicolae_gozag_cash_rules_everything_around_me
D:4:      layout_cave_pools, ebering_ghost_rock_garden, uniq_natasha
D:5:      layout_rooms, serial_curves, eino_curves_04, eino_curves_01,
          ebering_ghost_sewer_f, kennysheep_another_room
D:6:      layout_basic, minmay_temple_entry_poolview,
          cheibrodos_sewer_entry_sluice
D:7:      nzn_winding_woodlands_three_and_one
          [nzn_winding_woodlands_5x15_river_crossing,
          nzn_winding_woodlands_5x15_sidewinder,
          nzn_winding_woodlands_5x15_default,
          nzn_winding_woodlands_center_pierced_h], layout_basic,
          nicolae_overflow_two_pavilions, enter_bailey_8, serial_bayou_pond_e
D:8:      layout_cave_pools, zin_scriptorium, minitemple
Temple:   chequers_temple_sunken

Skill      XL: |  1  2  3  4  5  6  7  8  9 |
---------------+----------------------------+-----
Axes           | 2 3 4 5 7 8 |  8.0
Armour         | 3 4 5 |  5.7
Fighting       | 4 5 6 7 |  7.1
Shields        | 3 |  3.6
Throwing       | 1 |  1.0
Invocations    | 3 |  3.5

Action                     |  1- 3 |  4- 6 |  7- 9 || total
---------------------------+-------+-------+-------++-------
  Melee: War axe           |   121 |   204 |   433 ||   758
  Throw: Throwing net      |       |     2 |     1 ||     3
         Boomerang         |       |     2 |     6 ||     8
  Evoke: Wand              |       |       |     3 ||     3
    Use: Scroll            |       |       |    12 ||    12
   Stab: Held in net/web   |       |       |     1 ||     1
 Armour: Scale mail        |    77 |    68 |       ||   145
         Plate armour      |       |   149 |     7 ||   156
         Chain mail        |       |       |   386 ||   386
  Dodge: Dodged            |    57 |    93 |   147 ||   297
  Block: Buckler           |    29 |    52 |    74 ||   155

Table legend: (Time is in decaauts)
 A = Elapsed time spent in this place.
 B = Non-inter-level travel time spent in this place.
 C = Inter-level travel time spent in this place.
 D = Time resting spent in this place.
 E = Time spent auto-exploring this place.
 F = Levels seen in this place.
 G = Mean time per level.
                   A        B        C        D        E       F      G
               +--------+--------+--------+--------+--------+-----+--------+
         Total |   6932 |   6665 |    267 |    820 |   3716 |  10 |  693.2 |
       Dungeon |   6541 |   6283 |    258 |    767 |   3577 |   8 |  817.6 |
        Temple |     20 |     11 |      9 |      0 |      0 |   1 |   20.0 |
         Sewer |    370 |    370 |      0 |     53 |    139 |   1 |  370.0 |
               +--------+--------+--------+--------+--------+-----+--------+

Top non-repeatable levels by time:
     D:7: 1224 daAuts
     D:6: 1083 daAuts
     D:1: 883 daAuts
     D:4: 820 daAuts
     D:3: 813 daAuts
     D:5: 777 daAuts
     D:2: 769 daAuts
   Sewer: 370 daAuts
     D:8: 169 daAuts
  Temple: 20 daAuts
